 Dungeon Crawl Stone Soup version 0.28.0-53-g5a82cb258f (webtiles) character file.

Game seed: 560298680677222022

3645 Brecoman the Nimble (level 10, -4/75 HPs)
             Began as a Djinni Fire Elementalist on Aug 6, 2022.
             Was an Initiate of Makhleb.
             Slain by a killer bee (10 damage)
             ... on level 6 of the Dungeon on Aug 9, 2022.
             The game lasted 00:42:52 (11657 turns).

Brecoman the Nimble (Djinni Fire Elementalist)     Turns: 11657, Time: 00:42:53

Health: -4/75      AC:  8    Str: 10    XL:     10   Next: 33%
Gold:   479        EV: 15    Int: 21    God:    Makhleb [......] SH:  0 Dex: 14

rFire   + + .      SeeInvis .   c - +4 rapier of Zin's Hatred {freeze, rPois rC+ Str+3}
rCold   . . .      Faith    .   (no shield)
rNeg    + . .      Spirit   .   p - +3 leather armour
rPois   ∞          Reflect  .   (no helmet)
rElec   .          Harm     .   (no cloak)
rCorr   .          Rampage  .   f - +1 pair of gloves
Will    +....                   (boots unavailable)
Stlth   ++........              d - amulet of the acrobat
HPRegen 0.22/turn               t - ring of positive energy
MPRegen 0.00/turn               (no ring)

@: attractive, flying
A: sickness immunity, fire resistance 2, cold vulnerability 1, float, innate
caster, HP casting, extra vitality 1
a: Renounce Religion


You were on level 6 of the Dungeon.
You worshipped Makhleb.
Makhleb was noncommittal.
You visited 2 branches of the dungeon, and saw 9 of its levels.
You also visited: Ossuary.

You collected 479 gold pieces.

Inventory:

Hand Weapons
 c - the +4 rapier of Zin's Hatred (weapon) {freeze, rPois rC+ Str+3}
   (You took it off an orc wizard on level 4 of the Dungeon)

   It freezes those it strikes, dealing additional cold damage.
   It can also slow down cold-blooded creatures.
   Str:       It affects your strength (+3).
   rC:        It protects you from cold.
   rPois:     It protects you from poison.
 i - a +5 vampiric hand axe
 s - the +10 dagger of Dim Light {vorpal, rN+}
   (You found it on level 6 of the Dungeon)

   It inflicts extra damage upon your enemies.
   rN:        It protects you from negative energy.
Missiles
 b - 2 throwing nets
Armour
 a - a +0 robe
 f - a +1 pair of gloves (worn)
 p - a +3 leather armour (worn)
Jewellery
 d - an amulet of the acrobat (around neck)
 t - a ring of positive energy (left hand)
Wands
 v - a wand of paralysis (11)
Scrolls
 j - a scroll of amnesia
 o - a scroll of acquirement {unknown}
 q - 3 scrolls of identify
 r - a scroll of silence
 u - a scroll of summoning
Potions
 g - 4 potions of mutation
 h - 2 potions of invisibility
 k - a potion of brilliance
 l - 2 potions of haste
 m - a potion of cancellation {unknown}


   Skills:
 + Level 7.0 Fighting
 * Level 6.0 Short Blades
 - Level 0.2 Axes
 + Level 8.2 Dodging
 - Level 1.5 Stealth
 + Level 6.1 Spellcasting


You couldn't memorise any spells.
You knew the following spells:

 Your Spells              Type           Power      Damage    Failure   Level
a - Foxfire               Conj/Fire      100%       2x1d9     1%          1
b - Scorch                Fire           64%        2d8       1%          2
c - Conjure Flame         Conj/Fire      32%        6-21      3%          3
d - Inner Flame           Hex/Fire       32%        N/A       3%          3
e - Flame Wave            Conj/Fire      32%        2d8       11%         4
f - Beastly Appendage     Tmut           64%        N/A       1%          1
g - Searing Ray           Conj           64%        2d6       1%          2
h - Call Canine Familiar  Summ           32%        N/A       3%          3
i - Frozen Ramparts       Ice            64%        1d8       3%          3
Your spell library was empty.

Dungeon Overview and Level Annotations

Branches:
Dungeon (8/15)             Temple (1/1) D:7         Ossuary (visited)
   Lair: D:8-11

Altars:
Cheibriados
Elyvilon
Fedhas
Hepliaklqana
Kikubaaqudgha
Makhleb
Nemelex Xobeh
Okawaru
Ru
Trog
Wu Jian
Zin
The Shining One

Shops:
D:4 :   D:7 [

Annotations:
D:3 2 runed translucent doors, shaman420's ghost, amateur OpBr


Innate Abilities, Weirdness & Mutations

You are immune to sickness and miasma.
You are immune to poison.
Your flesh is very heat resistant. (rF++)
You are vulnerable to cold. (rC-)
You float through the air rather than walking.
You learn spells naturally, not from books.
Your magical power is your life essence.
You have superior vitality. (+4 MHP)


Message History

Your hound dies!
Your hound's corpse disappears in a puff of smoke!
The killer bee barely misses you. The killer bee barely misses you. x2
The killer bee misses you.
The killer bee rages.
The killer bee completely misses you.
The killer bee's inner flame fades away.
The killer bee stings you but does no damage.
The killer bee misses you.
You hear an angry buzzing noise.
The killer bee completely misses you. The killer bee closely misses you.
The killer bee misses you. The killer bee completely misses you.
The killer bee completely misses you. x2
Your magical contamination has completely faded away.
The killer bee rages.
The killer bee completely misses you. The killer bee closely misses you.
The killer bee completely misses you.
There is a stone staircase leading up here.
The killer bee is no longer berserk.
The killer bee stings you but does no damage.
The killer bee stings you!
* * * LOW HITPOINT WARNING * * *
The killer bee closely misses you. The killer bee misses you.
The killer bee stings you but does no damage. x2
You fly upwards.
There is a stone staircase leading down here.
Okay, then.
Okay, then.
Okay, then.
Unknown command.
Okay, then.
Okay, then.
Unknown command.
It was a potion of attraction.
You feel attractive to monsters. The killer bee stings you.
* * * LOW HITPOINT WARNING * * *
The killer bee stings you!
You die...

# ###
###########.##########
.....................#
.##########.########.#
...............# #.#
..#########.#### #.#
..# #.# #.#
..#########.###### #.#
..............yy@# #.#
..###.#...#+#.#### #.#
..# #..........# #.#
..# #..........# #.#
..# #..........# #.#
..###.#####+#'## #.#
...##.#####...#### #.#
...##.##.........# #.#
......##.........# #.#


You could see 2 killer bees.

Vanquished Creatures
  A two-headed ogre (D:8)
  A deep elf zephyrmancer (D:7)
  A cyclops (D:8)
  Sigmund (D:2)
  A wyvern (D:7)
  A steam dragon (D:8)
  A hornet zombie (D:7)
  A necrophage (D:7)
  A centaur (D:7)
  An ogre (D:5)
  A wyvern zombie (D:8)
  A wyvern skeleton (D:7)
  3 wights (D:8)
  7 killer bees (D:8)
  2 bullfrog zombies (D:6)
  6 centaur zombies
  A hound (D:7)
  3 orc priests
  An iguana (D:6)
  6 orc wizards
  3 mummies (Ossuary)
  2 hound zombies (Ossuary)
  A howler monkey zombie (D:6)
  2 howler monkey skeletons
  4 gnolls
  5 adders
  A white imp (D:6)
  3 adder zombies (Ossuary)
  2 worms
  3 dart slugs (D:4)
  25 orcs
  9 endoplasms
  4 giant cockroaches
  5 hobgoblins
  7 jackals
  12 kobolds
  4 quokkas
  12 ball pythons
  4 bats
  4 frilled lizards
  2 gnoll zombies (Ossuary)
  8 goblins
  4 goblin zombies (Ossuary)
  5 hobgoblin zombies (Ossuary)
  4 jackal zombies (Ossuary)
  5 kobold zombies (Ossuary)
  2 orc zombies (Ossuary)
  3 quokka zombies
  7 rats
  4 rat zombies
197 creatures vanquished.

Vanquished Creatures (collateral kills)
  A centaur zombie (D:6)
  2 orcs (D:6)
  A kobold zombie (Ossuary)
  A foxfire (D:1)
5 creatures vanquished.

Vanquished Creatures (others)
  326 foxfires
  44 plants
370 creatures vanquished.

Grand Total: 572 creatures vanquished

Notes
Turn   | Place    | Note
-------+----------+-------------------------------------------
     0 | D:1      | Brecoman the Djinni Fire Elementalist began the quest for
                  | the Orb.
     0 | D:1      | Reached XP level 1. HP: 15/15 MP: 0/0
   337 | D:1      | Reached XP level 2. HP: 18/22 MP: 0/0
   591 | D:1      | Reached skill level 1 in Fighting
   790 | D:1      | Reached XP level 3. HP: 25/27 MP: 0/0
   790 | D:1      | Learned a level 1 spell: Beastly Appendage
  1192 | D:1      | Reached skill level 3 in Dodging
  1409 | D:1      | Found a faded altar of an unknown god.
  1742 | D:2      | Reached XP level 4. HP: 21/33 MP: 0/0
  1837 | D:2      | Noticed Sigmund
  2202 | D:2      | Killed Sigmund
  2203 | D:2      | Reached skill level 4 in Dodging
  2203 | D:2      | Reached XP level 5. HP: 26/40 MP: 0/0
  2203 | D:2      | Learned a level 2 spell: Searing Ray
  2203 | D:2      | Reached XP level 6. HP: 29/45 MP: 0/0
  2650 | D:3      | Found a runed translucent door.
  2651 | D:3      | Noticed shaman420's ghost (amateur OpBr)
  3659 | D:3      | Found a runed translucent door.
  4431 | D:4      | Reached XP level 7. HP: 39/50 MP: 0/0
  4431 | D:4      | Learned a level 3 spell: Call Canine Familiar
  4655 | D:4      | Found Ynotek's Book Shoppe.
  5004 | D:4      | Identified the +4 rapier of Zin's Hatred {freeze, rPois rC+
                  | Str+3}
  5383 | D:5      | Entered Level 5 of the Dungeon
  5615 | D:5      | Found a sand-covered staircase.
  5622 | Ossuary  | Entered an ossuary
  5663 | Ossuary  | Reached skill level 5 in Dodging
  6140 | Ossuary  | Reached XP level 8. HP: 47/58 MP: 0/0
  6786 | D:6      | Reached skill level 6 in Dodging
  6968 | D:6      | Reached skill level 5 in Fighting
  7020 | D:6      | Found a snail-covered altar of Cheibriados.
  7346 | D:6      | Found a sacrificial altar of Ru.
  7786 | D:6      | Identified the +10 dagger of Dim Light {vorpal, rN+}
  7946 | D:7      | Found a white marble altar of Elyvilon.
  7968 | D:7      | Found a staircase to the Ecumenical Temple.
  7977 | Temple   | Entered the Ecumenical Temple
  8151 | Temple   | Became a worshipper of Makhleb the Destroyer
  8180 | D:7      | Reached skill level 1 in Short Blades
  8320 | D:7      | Reached skill level 5 in Spellcasting
  8658 | D:7      | Found Zerar's Armour Emporium.
  8728 | D:7      | Noticed a deep elf zephyrmancer
  9121 | D:7      | Reached XP level 9. HP: 61/65 MP: 0/0
  9121 | D:7      | Learned a level 3 spell: Frozen Ramparts
  9906 | D:7      | Killed a deep elf zephyrmancer
  9907 | D:7      | Reached skill level 7 in Dodging
 10182 | D:8      | Noticed a two-headed ogre
 10243 | D:8      | Identified the +0 robe "Sekopn" {Rampage Fly Stlth+}
 10248 | D:8      | Killed a two-headed ogre
 10258 | D:8      | Noticed a cyclops
 10596 | D:8      | Found a sparkling altar of Nemelex Xobeh.
 10642 | D:8      | Reached XP level 10. HP: 63/73 MP: 0/0
 10741 | D:8      | Reached skill level 5 in Short Blades
 10874 | D:8      | Killed a cyclops
 11236 | D:7      | Reached skill level 8 in Dodging
 11657 | D:6      | Slain by a killer bee

Illustrated notes

Levels and vault maps discovered:
D:1:      roderic_crop_circles_arrival_small, layout_basic,
          chequers_ecumenical_altar_grove, serial_forest,
          infiniplex_forest_straight_1, infiniplex_forest_diagonal,
          infiniplex_forest_straight_4, infiniplex_forest_clump_double,
          infiniplex_forest_end_3, minmay_quantized
D:2:      minmay_recursive_quarters, layout_rooms, uniq_sigmund
D:3:      layout_rooms, ebering_ghost_sewer_f
D:4:      layout_rooms, serial_shops, shop_fountains, minmay_close_crescents
D:5:      layout_loops_ring, enter_ossuary_4
D:6:      layout_basic, mainiacjoe_overflow_alcove_4,
          mainiacjoe_overflow_catwalk
D:7:      layout_basic, mainiacjoe_overflow_brackets,
          minmay_temple_entry_slanted, serial_shops, shop,
          guppyfry_early_elven_hall
D:8:      layout_cave_pools, nemelex_diamond_rough_becter, eino_curves_03,
          nicolae_looking_at_the_future
Temple:   minmay_temple_curvy_branch

Skill      XL: |  1  2  3  4  5  6  7  8  9 10 |
---------------+-------------------------------+-----
Fighting       | 1 2 3 4 5 6 7 |  7.0
Dodging        | 3 4 5 6 7 8 |  8.2
Spellcasting   | 3 4 5 6 |  6.1
Short Blades   | 2 4 6 |  6.0
Axes           | |  0.2
Stealth        | |  1.5

Action                   |  1- 3 |  4- 6 |  7- 9 | 10-12 || total
-------------------------+-------+-------+-------+-------++-------
Melee: Unarmed           |     8 |       |       |       ||     8
       Hand axe          |    14 |    21 |    30 |       ||    65
       Punch             |       |     1 |     4 |       ||     5
       Rapier            |       |       |   100 |     2 ||   102
       Dagger            |       |       |    23 |       ||    23
 Cast: Foxfire           |    54 |    72 |    84 |    10 ||   220
       Scorch            |     1 |    25 |    31 |    17 ||    74
       Beastly Appendage |     1 |       |       |       ||     1
       Conjure Flame     |       |     2 |       |       ||     2
       Inner Flame       |       |       |    16 |     3 ||    19
       Call Canine Famil |       |       |    14 |     3 ||    17
       Frozen Ramparts   |       |       |     1 |       ||     1
  Use: Scroll            |       |       |    20 |     1 ||    21
       Potion            |       |       |     1 |     1 ||     2
 Stab: Sleeping          |     2 |       |       |       ||     2
Armor: Robe              |    18 |     8 |       |       ||    26
       Leather armour    |       |    10 |    58 |    18 ||    86
Dodge: Dodged            |    29 |    53 |   143 |    80 ||   305
